 Dungeon Crawl Stone Soup version 0.30.1-11-g7821555f0a (webtiles) character file.

Game seed: 16278132575302525275

2 monsoonserge the Conjurer (level 1, -1/12 HPs)
             Began as a Tengu Reaver on Jan 9, 2024.
             Slain by a giant cockroach (2 damage)
             ... on level 1 of the Dungeon.
             The game lasted 00:00:17 (33 turns).

monsoonserge the Conjurer (Tengu Reaver)              Turns: 33, Time: 00:00:18

Health: -1/12      AC:  3    Str: 12    XL:     1   Next: 40%
Magic:  4/4        EV: 11    Int: 13    God:
Gold:   0          SH:  0    Dex: 12    Spells: 3/4 levels left

rFire   . . .        a - +0 mace
rCold   . . .        (no shield)
rNeg    . . .        b - +0 leather armour
rPois   .            (helmet restricted)
rElec   .            (no cloak)
rCorr   .            (no gloves)
SInv    .            (boots unavailable)
Will    .....        (no amulet)
Stlth   +            (no ring)
HPRegen 0.22/turn    (no ring)
MPRegen 0.09/turn

%: no passive effects
@: no status effects
A: beak, talons 3
a: no special abilities


You were on level 1 of the Dungeon.
You visited 1 branch of the dungeon, and saw 1 of its levels.

Inventory:

Hand Weapons
 a - a +0 mace (weapon)
Armour
 b - a +0 leather armour (worn)
Potions
 c - a potion of flight {unknown}


   Skills:
 + Level 2.0 Fighting
 + Level 3.3 Maces & Flails
 + Level 2.2 Dodging
 - Level 2.0 Spellcasting
 + Level 4.1 Conjurations
 * Level 0.1 Necromancy


You had 3 spell levels left.
You knew the following spells:

 Your Spells              Type           Power      Damage    Failure   Level
a - Kiss of Death         Conj/Necr      24%        2d7       14%         1

Your spell library contained the following spells:

 Spells                   Type           Power      Damage    Failure   Level
 Momentum Strike          Conj/Tloc      12%        3d8       22%         2
 Hailstorm                Conj/Ice       6%         3d4       38%         3


Dungeon Overview and Level Annotations

Branches:
Dungeon (1/15)

Altars:


Innate Abilities, Weirdness & Mutations

You have a beak for a mouth.
You have claws for feet.


Message History

A goblin comes into view. It is wielding a +0 dagger.
A goblin, a kobold and an endoplasm come into view.
The kobold shouts!
The goblin shouts!
The goblin moves out of view.
The endoplasm quivers.
The hobgoblin closely misses you.
The giant cockroach waves its antennae.
You hit the hobgoblin but do no damage.
You peck the hobgoblin, but do no damage.
The hobgoblin barely misses you.
You hit the hobgoblin. You claw the hobgoblin.
You kill the hobgoblin!
The goblin misses you.
You closely miss the goblin. You claw the goblin.
You kill the goblin!
You barely miss the endoplasm. The endoplasm misses you.
The endoplasm hits you.
You hit the endoplasm but do no damage. You claw the endoplasm.
You peck the endoplasm, but do no damage.
You punch the endoplasm, but do no damage.
The endoplasm is moderately wounded.
The giant cockroach misses you. The endoplasm hits you.
You hit the giant cockroach.
The giant cockroach is heavily wounded.
The giant cockroach barely misses you. The endoplasm closely misses you.
The giant cockroach bites you but does no damage.
You hit the giant cockroach.
The giant cockroach is severely wounded.
The giant cockroach barely misses you. The endoplasm freezes you.
You are frozen.
The goblin hits you with a +0 dagger.
You hit the giant cockroach but do no damage.
You claw the giant cockroach, but do no damage.
The giant cockroach is severely wounded.
The giant cockroach bites you. The endoplasm freezes you.
You are frozen.
* * * LOW HITPOINT WARNING * * *
The goblin hits you but does no damage. The giant cockroach bites you.
You die...

≈#.. ..... ######
...### #....# ...#
#####.≈≈.###
###.###.'.'.≈≈.'<#
#.......'.'.§§.'.#
####.#.#######.≈≈.###
#........B.g.##....#
.........#@#.#######
.......S.#J#
..!.....g#K#
#....B?..$S.
#..#.........
#.........=...
............K
.........J.
.............


You could see an endoplasm, a giant cockroach, a goblin, a ball python and a
kobold.

Vanquished Creatures
  A goblin (D:1)
  A hobgoblin (D:1)
2 creatures vanquished.

Notes
Turn   | Place    | Note
-------+----------+-------------------------------------------
     0 | D:1      | monsoonserge the Tengu Reaver began the quest for the Orb.
     0 | D:1      | Reached XP level 1. HP: 12/12 MP: 4/4
    33 | D:1      | Slain by a giant cockroach

Illustrated notes

Levels and vault maps discovered:
D:1:      lightli_arrival_lavapool, layout_loops_cross,
          shapermc_ecumenical_altar_starsandcircs

Action                     || total
---------------------------++-------
  Melee: Mace              ||     8
         Kick              ||     4
         Peck              ||     2
         Punch             ||     1
 Armour: Leather armour    ||     2
  Dodge: Dodged            ||     8
